 Dungeon Crawl Stone Soup version 0.27-a0-1051-g288ea87c7c (webtiles) character file.

Game seed: 7542661255827897088

201 chippings the Charlatan (level 5, -1/40 HPs)
             Began as a Mummy Artificer on Apr 20, 2021.
             Killed from afar by Natasha (6 damage)
             ... with a puff of flame
             ... on level 3 of the Dungeon.
             The game lasted 00:04:04 (3043 turns).

chippings the Charlatan (Mummy Artificer)           Turns: 3043, Time: 00:04:05

Health: -1/40      AC:  4    Str: 15    XL:     5   Next: 50%
Magic:  5/5        EV: 11    Int: 16    God:
Gold:   121        SH:  0    Dex: 14    Spells: 4/4 levels left

rFire    x . .     SeeInvis .   a - +2 falchion (elec)
rCold    + . .     Faith    .   (no shield)
rNeg     + + +     Spirit   .   b - +0 leather armour
rPois    ∞         Reflect  .   g - +0 helmet
rElec    .         Harm     .   (no cloak)
rCorr    .         Rampage  .   (no gloves)
Will     .....                  (no boots)
Stlth    +.........             (no amulet)
HPRegen  0.13/turn              f - +6 ring of intelligence
MPRegen  0.09/turn              (no ring)

@: no status effects
A: cold resistance 1, negative energy resistance 3, torment resistance 2,
unbreathing 1, heat vulnerability 1, no potions
a: no special abilities


You were on level 3 of the Dungeon.
You visited 1 branch of the dungeon, and saw 3 of its levels.

You collected 121 gold pieces.

Inventory:

Hand Weapons
 a - a +2 falchion of electrocution (weapon)
 h - a +0 dagger of electrocution
Missiles
 l - 3 boomerangs
Armour
 b - a +0 leather armour (worn)
 g - a +0 helmet (worn)
 m - a +0 tower shield
Jewellery
 f - a +6 ring of intelligence (left hand)
Wands
 c - a wand of flame (15) (quivered)
 d - a wand of charming (15)
Scrolls
 i - 2 scrolls of silence {unknown}
 j - a scroll of identify {unknown}
 k - a scroll of blinking {unknown}
Miscellaneous
 e - a piece from Xom's chessboard (15/15)


   Skills:
 + Level 2.8 Fighting
 * Level 2.5 Long Blades
 - Level 1.5 Armour
 + Level 1.4 Dodging
 - Level 0.7 Stealth
 + Level 3.3 Evocations


You had 4 spell levels left.
You didn't know any spells.
Your spell library contained the following spells:

 Spells                   Type           Power      Damage    Failure   Level
 Beastly Appendage        Tmut           Unusable   N/A       N/A         1
 Wereblood                Tmut           Unusable   N/A       N/A         2
 Spider Form              Tmut/Pois      Unusable   N/A       N/A         3
 Ice Form                 Ice/Tmut       Unusable   N/A       N/A         4
 Hydra Form               Tmut           Unusable   N/A       N/A         5

Dungeon Overview and Level Annotations

Branches:
Dungeon (3/15)

Altars:

Annotations:
D:3 Natasha


Innate Abilities, Weirdness & Mutations

You are immune to poison.
Your flesh is cold resistant. (rC+)
You are immune to negative energy. (rN+++)
You are immune to unholy pain and torment.
You can survive without breathing.
You are vulnerable to heat. (rF-)
You do not drink.


Message History

A frilled lizard comes into view.
Found a short sword.
An endoplasm comes into view.
Natasha hisses angrily.
Found a chain mail.
You closely miss Natasha.
The endoplasm quivers.
Natasha casts a spell.
Natasha zaps a wand.
The puff of flame misses you.
The puff of flame hits the frilled lizard!
The frilled lizard dies!
Natasha wildly gestures.
You feel disoriented.
You see here a frilled lizard corpse.
You hit the endoplasm.
The endoplasm is lightly wounded.
Natasha howls an incantation.
Natasha glows brightly for a moment.
The endoplasm closely misses you.
You hit the endoplasm.
Lightning courses through the endoplasm!!
You kill the endoplasm!
Natasha stares at you and mumbles some strange words.
The magic dart hits you.
You barely miss Natasha.
Natasha zaps a wand.
The puff of flame misses you.
You closely miss Natasha. Natasha claws you!
You miss Natasha. Natasha claws you.
You hit Natasha.
Natasha is lightly wounded.
Natasha closely misses you. Natasha claws you.
You barely miss Natasha.
Natasha is lightly wounded.
The iron imp grinds its teeth.
Natasha zaps a wand.
The puff of flame hits you! The fire burns you terribly!
* * * LOW HITPOINT WARNING * * *
You closely miss Natasha.
Natasha is lightly wounded.
The iron imp disappears in a puff of smoke!
Natasha zaps a wand.
The puff of flame hits you. The fire burns you terribly!
You die...

#........#
##..###....>#
#...)....#
#.......#...
#........#
##.#...<#...
#........#
#.#.##...##
#...5....# #.#.######
.###........### #.#.#
...?........... #.#.#
.......†#######.#.#.#
........§h@.....#.#.#
####....#########.#.#
......#...........#.#
####..#.###########.#
#..#.###########.#
...#.#...........#
### #.#.###########
#.#.# ## #.#.# #.


You could see Natasha.

Vanquished Creatures
  A bullfrog zombie (D:3)
  A hound (D:3)
  Natasha (twice) (D:3)
  An adder (D:2)
  6 worms (D:2)
  2 dart slugs
  8 bats
  6 endoplasms
  2 giant cockroaches
  4 goblins
  3 hobgoblins
  7 jackals
  A quokka (D:2)
  2 ball pythons (D:2)
  4 frilled lizards
  7 kobolds
  6 rats
63 creatures vanquished.

Vanquished Creatures (others)
  A frilled lizard (D:3)
  3 plants (D:1)
4 creatures vanquished.

Grand Total: 67 creatures vanquished

Notes
Turn   | Place    | Note
-------+----------+-------------------------------------------
     0 | D:1      | chippings the Mummy Artificer began the quest for the Orb.
     0 | D:1      | Reached XP level 1. HP: 15/15 MP: 1/1
   623 | D:1      | Reached XP level 2. HP: 22/22 MP: 2/2
  1477 | D:2      | Reached skill level 1 in Long Blades
  1477 | D:2      | Reached XP level 3. HP: 26/27 MP: 3/3
  1717 | D:2      | Reached skill level 3 in Evocations
  1908 | D:2      | Reached XP level 4. HP: 24/33 MP: 4/4
  2064 | D:2      | Found a faded altar of an unknown god.
  2417 | D:3      | Reached skill level 1 in Dodging
  2577 | D:3      | Noticed Natasha
  2581 | D:3      | Killed Natasha
  2582 | D:3      | Reached XP level 5. HP: 39/39 MP: 5/5
  2587 | D:3      | Noticed Natasha
  2593 | D:3      | Killed Natasha
  3027 | D:3      | Noticed Natasha
  3043 | D:3      | Killed from afar by Natasha

Illustrated notes

Levels and vault maps discovered:
D:1:      amcnicky_arrival_abandoned_market, layout_loops_ring, serial_bayou,
          serial_bayou_pond_e, serial_bayou_pond_d, serial_bayou_ford_a,
          serial_bayou_lagoon_a, serial_bayou_pond_e, kennysheep_pointless_box,
          chequers_hall_statues_corner_a, minmay_distorted
D:2:      layout_rooms, shapermc_ecumenical_altar_mp_urbaneastern
D:3:      layout_basic, uniq_natasha

Skill      XL: |  1  2  3  4 |
---------------+-------------+-----
Fighting       | 2 |  2.8
Long Blades    | 1 2 |  2.5
Evocations     | 3 |  3.3
Dodging        | 1 |  1.4
Armour         | |  1.5
Stealth        | |  0.7

Action                   |  1- 3 |  4- 6 || total
-------------------------+-------+-------++-------
Melee: Short sword       |    27 |       ||    27
       Falchion          |    79 |    45 ||   124
Armor: Leather armour    |    39 |    14 ||    53
Dodge: Dodged            |    63 |    22 ||    85
       Rpst.: Falchion   |     8 |     5 ||    13

Table legend: (Time is in decaauts)
 A = Elapsed time spent in this place.
 B = Non-inter-level travel time spent in this place.
 C = Inter-level travel time spent in this place.
 D = Time resting spent in this place.
 E = Time spent auto-exploring this place.
 F = Levels seen in this place.
 G = Mean time per level.
                   A        B        C        D        E       F      G
               +--------+--------+--------+--------+--------+-----+--------+
         Total |   3097 |   3045 |     52 |     58 |   2320 |   3 | 1032.3 |
       Dungeon |   3097 |   3045 |     52 |     58 |   2320 |   3 | 1032.3 |
               +--------+--------+--------+--------+--------+-----+--------+

Top non-repeatable levels by time:
     D:1: 1429 daAuts
     D:3: 872 daAuts
     D:2: 795 daAuts
